 Dungeon Crawl Stone Soup version 0.20-a0-681-geebb5fe (webtiles) character file.

18 wolfsongas the Skirmisher (level 2, -6/25 HPs)
             Began as a Formicid Abyssal Knight on May 3, 2017.
             Was a Follower of Lugonu.
             Killed from afar by a bat (12 damage)
             ... with an exploding inner flame
             ... hexed by the player character
             ... on level 1 of the Dungeon.
             The game lasted 00:01:32 (260 turns).

wolfsongas the Skirmisher (Formicid Abyssal Knight)  Turns: 260, Time: 00:01:33

Health: -6/25      AC:  3    Str: 16    XL:     2   Next: 90%
Magic:  3/3        EV: 11    Int: 11    God:    Lugonu [*.....]
Gold:   7          SH:  0    Dex: 10    Spells: 1/1 levels left

rFire    . . .     SeeInvis +   a - +1 hand axe
rCold    + . .     Gourm    .   b - +0 leather armour
rNeg     . . .     Faith    .   (no shield)
rPois    .         Spirit   .   (helmet unavailable)
rElec    .         Reflect  .   (no cloak)
rCorr    .         Harm     .   (no gloves)
MR       .....                  (no boots)
Stlth    +.........             (no amulet)
Regen    0.1/turn               (no ring)
MPRegen  0.1/turn               (no ring)

@: no status effects
A: permanent stasis, dig shafts and tunnels, four strong arms, antennae 3,
talons 1, cold resistance 1, screaming 1
a: Dig, Shaft Self, Depart the Abyss, Renounce Religion


You were on level 1 of the Dungeon.
You worshipped Lugonu.
Lugonu was aware of your devotion.
You were not hungry.

You visited 1 branch of the dungeon, and saw 1 of its levels.
You visited the Abyss 1 time.

You collected 7 gold pieces.

Inventory:

Hand Weapons
 a - a +1 hand axe (weapon)
Armour
 b - a +0 leather armour (worn)
 e - a +1 leather armour of cold resistance
Comestibles
 c - a bread ration


   Skills:
 + Level 3.8 Fighting
 + Level 2.2 Axes
 + Level 2.4 Armour
 + Level 1.0 Dodging
 + Level 2.2 Invocations


You had one spell level left.
You didn't know any spells.

Dungeon Overview and Level Annotations

Branches:
Dungeon (1/15)

Altars:


Innate Abilities, Weirdness & Mutations

You cannot be hasted, slowed, berserked, paralysed or teleported.
You can dig through walls and to a lower floor.
Your four strong arms can wield two-handed weapons with a shield.
You have a pair of large antennae on your head. (SInv)
You have sharp toenails.
Your flesh is cold resistant. (rC+)
You occasionally shout uncontrollably at your foes.


Message History

You closely miss the bat. The bat hits you but does no damage.
The bat barely misses you. The bat barely misses you.
The bat hits you but does no damage. The bat barely misses you.
Things that are here:
a short sword; a kobold corpse The bat closely misses you.
The bat barely misses you. The bat closely misses you.
A hobgoblin comes into view. It is wielding a club.
The bat closely misses you. The bat hits you but does no damage.
The bat barely misses you.
You hit the bat.
The bat explodes!
The fiery explosion engulfs the hobgoblin.
You kill the hobgoblin!
Lugonu accepts your kill. The fiery explosion engulfs you!
You die...

.....####......
................
#.#....!........ #+### ..
#.##'#.......# ...... ...
#.##'#.......# ...... #.#
#.#......#..(####...... ...
#.#..†...#......(......
#.##.#....)§§.............
+.........§§@)............ ..
#.#.....###§§............. ..
#.........................
....#......#..................
...#......#..................
###.#.#................$#.....
......#.........####....#.....
#......).)......# #....####..
..#.##....†.....# #


There were no monsters in sight!

Vanquished Creatures
  An ooze (D:1)
  3 leopard geckos (D:1)
  A goblin (D:1)
  2 hobgoblins (D:1)
  2 kobolds (D:1)
  A bat (D:1)
  A rat (D:1)
11 creatures vanquished.

Notes
Turn   | Place    | Note
-------+----------+-------------------------------------------
     0 | Abyss:1  | wolfsongas the Formicid Abyssal Knight began the quest for the Orb.
     0 | Abyss:1  | Reached XP level 1. HP: 18/18 MP: 2/2
     4 | D:1      | Escaped the Abyss
   103 | D:1      | Reached XP level 2. HP: 15/25 MP: 3/3
   123 | D:1      | Gained mutation: You occasionally shout uncontrollably at your foes. [potion of mutation]
   123 | D:1      | Gained mutation: You have sharp toenails. [potion of mutation]
   123 | D:1      | Gained mutation: Your flesh is cold resistant. (rC+) [potion of mutation]
   195 | D:1      | Reached * piety under Lugonu
   197 | D:1      | Reached skill level 1 in Dodging
   260 | D:1      | Killed from afar by a bat

Vault maps used:
D:1:      dpeg_arrival_circle_labyrinth_c

Skill      XL: |  1  2 |
---------------+-------+-----
Dodging        | 1 |  1.0
Fighting       | |  3.8
Axes           | |  2.2
Armour         | |  2.4
Invocations    | |  2.2

Action                   || total
-------------------------++-------
Melee: Hand axe          ||    32
       Kick              ||     4
Invok: Depart the Abyss  ||     1
 Abil: Dig               ||     1
  Use: Scroll            ||     3
       Potion            ||     1
Armor: Leather armour    ||    15
Dodge: Dodged            ||    36
